cohdb
Replays
Latest Replays
All Replays
Popular Replays
Top Player Replays
Match Explorer
How It Works
Community
CoH3 Stats
Reddit
Sign in to upload your games and track your stats! →
Sign in with Steam
Match 31638910
Unlisted
Match 31638910
Overview
Messages
Build Orders
End
Construct Section Command Post
Infantry Section
Infantry Section
Infantry Section
Vickers Machine Gun Team
Construct Field Infirmary
Construct Platoon Command Post
Unlock M3 Stuart Light Tanks
M3 Stuart Light Tank
M3 Stuart Light Tank
M3 Stuart Light Tank
Light Vehicle Training
Construct Company Command Post
Unlock M3 Grant Medium Tanks
Foot Guards Section
M3 Grant Medium Tank
M3 Grant Medium Tank
Selects Air and Sea Battlegroup
Selects Naval Blockade
Selects Centaur Medium Tank
Selects Naval Bombardment
Royal Engineer Section
Naval Bombardment
Unlock Towed 17-pounder Anti-tank Guns
17-pounder Anti-tank Gun Team
M3 Grant Medium Tank
Royal Engineer Section
Grenade Package
Naval Bombardment
CMP 15cwt Truck
M3 Grant Medium Tank
M3 Grant Medium Tank
CMP 15cwt Truck
M3 Grant Medium Tank
M3 Grant Medium Tank
bobidog101
Commander Z
Nukepapa
ouh mai GOTE
0
0
Comments
sign in to comment!
No comments posted yet!